 Dungeon Crawl Stone Soup version 0.28-a0-687-gb91baff9cc (webtiles) character file.

Game seed: 463235709130393066

49 omnomnOMINOUS the Conjurer (level 3, -1/25 HPs)
             Began as an Octopode Wanderer on Oct 19, 2021.
             Was a Follower of Jiyva.
             Slain by an orc priest (2 damage)
             ... on level 3 of the Dungeon.
             The game lasted 00:03:36 (2026 turns).

omnomnOMINOUS the Conjurer (Octopode Wanderer)      Turns: 2026, Time: 00:03:36

Health: -1/25      AC:  1    Str:  6 (9)  XL:     3   Next: 77%
Magic:  4/4        EV: 13    Int: 15 (16) God:    Jiyva [*.....]
Gold:   37         SH:  0    Dex: 11 (12) Spells: 2/3 levels left

rFire   . . .      SeeInvis .   a - +0 quarterstaff
rCold   . . .      Faith    .   (shield currently unavailable)
rNeg    . . .      Spirit   .   (helmet restricted)
rPois   .          Reflect  .   (no amulet)
rElec   .          Harm     .   (no ring)
rCorr   .          Rampage  .   (no ring)
Will    .....                   (no ring)
Stlth   +++.......              (no ring)
HPRegen 0.08/turn               (no ring)
MPRegen 0.09/turn               (no ring)
                                (no ring)
                                (no ring)

@: attractive
A: almost no armour, amphibious, 8 rings, camouflage 1, gelatinous body 1,
(nimble swimmer 1), tentacles
a: Renounce Religion, Request Jelly


You were on level 3 of the Dungeon.
You worshipped Jiyva.
Jiyva was aware of your devotion.
You visited 1 branch of the dungeon, and saw 3 of its levels.

You collected 37 gold pieces.

Inventory:

Hand Weapons
 a - a +0 quarterstaff (weapon)
 b - a +2 dagger of flaming
 k - a +0 spear
Missiles
 j - 2 throwing nets (quivered)
Scrolls
 c - 2 scrolls of enchant armour {unknown}
 e - a scroll of fear {unknown}
 f - a scroll of amnesia {unknown}
 g - a scroll of silence {unknown}
 l - a scroll of identify {unknown}


   Skills:
 + Level 2.4 Fighting
 - Level 1.0 Staves
 + Level 2.4 Dodging
 - Level 1.3 Stealth
 - Level 1.0 Shields
 + Level 0.8 Spellcasting
 - Level 3.0 Conjurations
 + Level 1.2 Earth Magic
 - Level 1.1 Evocations


You had 2 spell levels left.
You knew the following spells:

 Your Spells              Type           Power      Damage    Failure   Level
a - Sandblast             Erth           8%         2d5       16%         1

Your spell library contained the following spells:

 Spells                   Type           Power      Damage    Failure   Level
 Stone Arrow              Conj/Erth      14%        3d7       30%         3


Dungeon Overview and Level Annotations

Branches:
Dungeon (3/15)

Altars:
Jiyva


Innate Abilities, Weirdness & Mutations

You cannot wear most types of armour.
You are amphibious.
You can wear up to eight rings at the same time.
Your skin changes colour to match your surroundings (Stealth+).
Your rubbery body absorbs attacks. (AC +1, EV +1)
((You are camouflaged near water. (Stealth+)))
You have tentacles for arms and can constrict up to eight enemies at once.


Message History

Pain shoots through your body!
You hear a shout!
You hit the orc priest. Your grab misses the orc priest.
The orc priest is lightly wounded.
The orc priest closely misses you.
You hit the orc priest but do no damage.
Your grab misses the orc priest.
The orc priest is lightly wounded.
It was a potion of attraction.
You feel attractive to monsters.
You hear a distant slurping noise.
The orc priest calls upon Beogh to heal the orc priest.
The orc priest's wounds heal themselves!
The orc priest hits you with a +0 dagger.
* * * LOW HITPOINT WARNING * * *
It was a potion of degeneration.
There was something very wrong with that liquid.
You feel weakened.
You feel dopey.
You feel clumsy.
The orc priest looks satisfied for a moment.
The orc closely misses you.
The orc priest hits you with a +0 dagger.
* * * LOW HITPOINT WARNING * * *
It was a potion of curing.
You feel better. The orc barely misses you.
The orc priest miscasts a cantrip.
Unknown command.
The orc priest hits you with a +0 dagger.
You sock the orc priest! Your grab misses the orc priest.
The orc priest is heavily wounded.
You hear a distant slurping noise.
The orc hits you with a +0 mace!
* * * LOW HITPOINT WARNING * * *
The orc priest hits you with a +0 dagger.
* * * LOW HITPOINT WARNING * * *
The orc priest barely misses you.
You barely miss the orc priest. You grab the orc priest.
You squeeze the orc priest, but do no damage.
You constrict the orc priest. The orc priest completely misses you.
The orc priest looks braver for a moment.
The orc priest hits you with a +0 club.
You die...

#. ###.#####.####.....
#.##.....##...###.....
...##.)..#.#...........#<.
.o................###.....
#.######).##'##....[......
#..#...#..#####.###
#oo#.8.#..# # #.#
##o#...#..... ..#
#@##'##..#####.#
#........... ######..####
..# .# .# #


You could see 2 orc priests and an orc.

Vanquished Creatures
  An adder (D:2)
  2 dart slugs
  2 orcs (D:3)
  An endoplasm (D:1)
  A giant cockroach (D:1)
  4 goblins
  4 hobgoblins (D:1)
  7 ball pythons
  4 bats
  5 frilled lizards
  A kobold (D:1)
  4 rats
36 creatures vanquished.

Vanquished Creatures (others)
  3 orcs (D:2)
  3 goblins
  3 hobgoblins
  4 jackals (D:3)
  A bat (D:1)
  2 frilled lizards (D:1)
  A kobold (D:2)
  2 fungi (D:3)
19 creatures vanquished.

Grand Total: 55 creatures vanquished

Notes
Turn   | Place    | Note
-------+----------+-------------------------------------------
     0 | D:1      | omnomnOMINOUS the Octopode Wanderer began the quest for the
                  | Orb.
     0 | D:1      | omnomnOMINOUS set off with the following items: a +0
                  | quarterstaff, 2 throwing nets; and the following spell
                  | memorised: Sandblast; and the following spells available to
                  | memorise: Stone Arrow
     0 | D:1      | Reached XP level 1. HP: 14/14 MP: 1/1
   131 | D:1      | Reached XP level 2. HP: 19/19 MP: 2/2
   262 | D:1      | Found a faded altar of an unknown god.
   272 | D:1      | Prayed at the altar of an unknown god.
   272 | D:1      | Became a worshipper of Jiyva Joamawar the Shapeless
   272 | D:1      | Reached * piety under Jiyva
   742 | D:1      | Reached XP level 3. HP: 23/24 MP: 3/3
  1129 | D:2      | Reached skill level 1 in Earth Magic
  1978 | D:3      | Noticed a black bear
  2023 | D:3      | HP: 1/25 [orc priest (1)]
  2026 | D:3      | Slain by an orc priest

Illustrated notes

Levels and vault maps discovered:
D:1:      evilmike_arrival_hilbert_curve, layout_loops_cross,
          shapermc_ecumenical_altar_notcrosses
D:2:      layout_basic, minivault_27, guppyfry_early_orc_mine
D:3:      layout_loops_ring, lemuel_round_altar, gammafunk_ghost_split,
          minmay_gold_behind_fungi, minmay_misc_feat_room

Skill      XL: |  1  2  3 |
---------------+----------+-----
Dodging        | 2 |  2.4
Earth Magic    | 1 |  1.2
Fighting       | |  2.4
Staves         | |  1.0
Stealth        | |  1.3
Shields        | |  1.0
Spellcasting   | |  0.8
Conjurations   | |  3.0
Evocations     | |  1.1

Action                   || total
-------------------------++-------
Melee: Quarterstaff      ||    71
       Constrict         ||    17
       Tentacles         ||     9
  Use: Potion            ||     3
 Stab: Sleeping          ||     5
Armor: Skin              ||    12
Dodge: Dodged            ||    45

Table legend: (Time is in decaauts)
 A = Elapsed time spent in this place.
 B = Non-inter-level travel time spent in this place.
 C = Inter-level travel time spent in this place.
 D = Time resting spent in this place.
 E = Time spent auto-exploring this place.
 F = Levels seen in this place.
 G = Mean time per level.
                   A        B        C        D        E       F      G
               +--------+--------+--------+--------+--------+-----+--------+
         Total |   2043 |   1978 |     65 |      0 |   1693 |   3 |  681.0 |
       Dungeon |   2043 |   1978 |     65 |      0 |   1693 |   3 |  681.0 |
               +--------+--------+--------+--------+--------+-----+--------+

Top non-repeatable levels by time:
     D:2: 1028 daAuts
     D:1: 963 daAuts
     D:3: 50 daAuts
